 Dungeon Crawl Stone Soup version 0.20-a0-957-g47ad1fd (webtiles) character file.

129 Patate the Sneak (level 4, 0/21 HPs)
             Began as a Spriggan Enchanter on Apr 5, 2017.
             Slain by a gnoll
             ... wielding a +0 whip
              (5 damage)
             ... on level 2 of the Dungeon.
             The game lasted 00:07:18 (3861 turns).

Patate the Sneak (Spriggan Enchanter)               Turns: 3861, Time: 00:07:19

Health: 0/21       AC:  2    Str:  5    XL:     4   Next: 88%
Magic:  4/9        EV: 20    Int: 16    God:
Gold:   58         SH:  0    Dex: 16    Spells: 5/8 levels left

rFire    . . .     SeeInvis +   a - +1 dagger
rCold    . . .     Gourm    .   (shield restricted)
rNeg     . . .     Faith    .   b - +0 robe
rPois    .         Spirit   .   (helmet restricted)
rElec    .         Reflect  .   (no cloak)
rCorr    .         Harm     .   (gloves unavailable)
MR       .....                  (boots unavailable)
Stlth    ++++......             (no amulet)
Regen    0.1/turn               (no ring)
MPRegen  0.2/turn               (no ring)

@: very slightly contaminated, very quick
A: unfitting armour, see invisible, herbivore 3, speed 3, slow metabolism 2
a: no special abilities


You were on level 2 of the Dungeon.
You were not hungry.

You visited 1 branch of the dungeon, and saw 2 of its levels.

You collected 58 gold pieces.

Inventory:

Hand Weapons
 a - a +1 dagger (weapon)
Armour
 b - a +0 robe (worn)
Scrolls
 e - 2 scrolls of identify {unknown}
 g - a scroll of remove curse {unknown}
 h - 3 scrolls of magic mapping {unknown}
 k - a scroll of amnesia {unknown}
 l - a scroll of immolation {unknown}
Potions
 f - 3 potions of curing {unknown}
 i - 2 potions of flight {unknown}
 j - a potion of agility {unknown}
 m - a potion of cancellation {unknown}
Books
 c - a book of Maledictions

   Spells                             Type                      Level
   a - Corona                         Hexes                        1
   b - Ensorcelled Hibernation        Hexes/Ice                    2
   c - Confuse                        Hexes                        3
   d - Tukima's Dance                 Hexes                        3
   e - Dazzling Spray                 Conjuration/Hexes            3
Comestibles
 d - a royal jelly


   Skills:
 - Level 1.1 Short Blades
 + Level 5.1 Dodging
 * Level 7.4 Stealth
 - Level 2.6 Spellcasting
 - Level 3.6 Hexes


You had 5 spell levels left.
You knew the following spells:

 Your Spells              Type           Power        Failure   Level  Hunger
a - Corona                Hex            ##.....      6%          1    #......
b - Ensorcelled Hibernat  Hex/Ice        #.....       17%         2    ##.....


Dungeon Overview and Level Annotations

Branches:
Dungeon (2/15)

Altars:
Cheibriados
Hepliaklqana
Kikubaaqudgha
Okawaru

Annotations:
D:2 1 runed door


Innate Abilities, Weirdness & Mutations

You are very small and have problems with some larger weapons.
You are too small for most types of armour.
You have supernaturally acute eyesight. (SInv)
You are a herbivore.
You cover ground extremely quickly.
You need consume almost no food.


Message History

Aiming: Ensorcelled Hibernation
Press: ? - help, Shift-Dir - straight line, f - gnoll
Aim: a gnoll, wielding a whip (chance to defeat MR: 48%)
You miscast Ensorcelled Hibernation.
You are very lightly contaminated with residual magic.
You feel off-balance for a moment. The gnoll hits you with a whip.
You hit the gnoll.
The gnoll is lightly wounded.
The gnoll barely misses you.
You hit the gnoll.
The gnoll is lightly wounded.
The gnoll hits you with a whip.
* * * LOW HITPOINT WARNING * * *
Casting: Ensorcelled Hibernation
Confirm with . or Enter, or press ? or * to list all spells.
Aiming: Ensorcelled Hibernation
Press: ? - help, Shift-Dir - straight line, f/p - gnoll
Aim: a gnoll, wielding a whip (lightly wounded, chance to defeat MR: 48%)
The gnoll resists with some effort.
The gnoll hits you with a whip.
You die...

#......##.....# #......##.....#
#.....g''.....# #....g.##.....#
#......##)....# #####
#......######.# #...##### #
#.###### #.####.....#.. #
#.###########......)...... ##
#........@g.######........ .#####
#..########.# #..g..... .#...#
#..# #.# #.....g#' .'...# #..#
#g# #......#g †#..)# #..# #.#
######.#. .#...# #..### #.# #.#.
##...# #....# #.# ####'#.
#....####.#.######.########..g.g.
#..........[......g..............


You could see a gnoll.

Vanquished Creatures
  Terence (D:2)
  2 adders (D:2)
  2 gnolls (D:2)
  2 oozes
  4 worms (D:2)
  A dart slug (D:1)
  A leopard gecko (D:1)
  2 goblins
  5 hobgoblins
  5 jackals
  6 kobolds
  2 ball pythons
  6 bats
  4 frilled lizards (D:2)
  6 rats
  A bush (D:2)
50 creatures vanquished.

Notes
Turn   | Place    | Note
-------+----------+-------------------------------------------
     0 | D:1      | Patate the Spriggan Enchanter began the quest for the Orb.
     0 | D:1      | Reached XP level 1. HP: 9/9 MP: 5/5
   537 | D:1      | Reached XP level 2. HP: 13/13 MP: 6/6
   541 | D:1      | Learned a level 2 spell: Ensorcelled Hibernation
   613 | D:1      | Reached skill level 5 in Stealth
  1298 | D:1      | Reached XP level 3. HP: 11/16 MP: 5/8
  1543 | D:2      | Found a hazy altar of Hepliaklqana.
  1543 | D:2      | Found a snail-covered altar of Cheibriados.
  1543 | D:2      | Found an ancient bone altar of Kikubaaqudgha.
  2471 | D:2      | Found a runed door.
  2839 | D:2      | Reached skill level 6 in Stealth
  2892 | D:2      | Noticed Terence
  2903 | D:2      | Killed Terence
  2937 | D:2      | Reached XP level 4. HP: 9/21 MP: 0/9
  3420 | D:2      | Found an iron altar of Okawaru.
  3519 | D:2      | Reached skill level 7 in Stealth
  3748 | D:2      | Reached skill level 5 in Dodging
  3861 | D:2      | Slain by a gnoll

Vault maps used:
D:1:      dpeg_arrival_boxorama, serial_bayou_lake_a
D:2:      gammafunk_temple_overflow_forgotten, okawaru_trees_2,
          uniq_crazy_yiuf_cottage, uniq_terence

Skill      XL: |  1  2  3  4 |
---------------+-------------+-----
Stealth        | 5 6 7 |  7.4
Dodging        | 4 5 |  5.1
Short Blades   | |  1.1
Spellcasting   | |  2.6
Hexes          | |  3.6

Action                   |  1- 3 |  4- 6 || total
-------------------------+-------+-------++-------
Melee: Dagger            |   852 |    77 ||   929
 Cast: Ensorcelled Hiber |    19 |    13 ||    32
 Stab: Sleeping          |    17 |     7 ||    24
       Distracted        |     1 |     1 ||     2
  Eat: Bread ration      |     1 |       ||     1
Armor: Robe              |    20 |     5 ||    25
Dodge: Dodged            |   166 |    69 ||   235
